Map: Kairos Junction LE

Players

SortOf - Winner!

  • Race: Zerg Zerg
  • League: Master
  • Spawn Location: 11:00

SouLeer

  • Race: Zerg Zerg
  • Spawn Location: 5:00

Event: HomeStory Cup XIX

VOD

Have the link to the VOD?

Description

Time

  • Played on: June 27, 2019, 2:25 p.m.
  • Length: 5:00

All games in this series

Show
View Real Time Build Order
Export as new Build Order

SortOf Zerg - Winner!

Build Orders: Pool First 

Get SALT Encoding   

  12  0:00  Drone  
  13  0:13  Overlord  
  13  0:17  Drone  
  14  0:32  Drone x2  
  16  0:40  Spawning Pool  
  15  0:49  Drone  
  16  0:50  Extractor, Drone  
  16  0:57  Drone  
  17  1:17  Hatchery  
  16  1:27  Zergling x4  
  16  1:29  Zergling x2  
  19  1:40  Queen  
  19  1:46  Overlord  
  21  1:54  Metabolic Boost  
  21  2:05  Zergling x4  
  23  2:14  Zergling x2  
  24  2:15  Queen  
  26  2:30  Zergling x4  
  26  2:32  Queen  
  29  2:38  Zergling x2  
  29  2:45  Zergling x4  
  31  2:53  Drone x2  
  31  2:55  Zergling x4  
  34  3:03  Overlord  
  34  3:06  Zergling x2  
  35  3:16  Baneling Nest  
  35  3:19  Zergling x2  
  36  3:20  Zergling x2  
  36  3:28  Drone x2  
  36  3:31  Drone  
  39  3:35  Drone  
  39  3:38  Drone  
  41  3:43  Drone x2  
  43  3:50  Zergling x2  
  39  4:05  Zergling x4  
  39  4:09  Baneling  
  41  4:15  Zergling x4  
  41  4:19  Zergling x2  
  41  4:20  Zergling x2  
  40  4:25  Zergling x4  
  40  4:27  Baneling  
  40  4:28  Baneling  
  40  4:30  Baneling  
  42  4:32  Drone  
Show
View Real Time Build Order
Export as new Build Order

SouLeer Zerg 

Build Orders: Pool First 

Get SALT Encoding   

  12  0:01  Drone  
  13  0:13  Overlord  
  13  0:16  Drone  
  13  0:20  Extractor  
  13  0:22  Drone  
  14  0:31  Drone  
  15  0:36  Drone  
  16  0:47  Spawning Pool  
  15  0:51  Drone  
  16  1:18  Hatchery  
  15  1:33  Metabolic Boost  
  15  1:34  Zergling x4  
  15  1:36  Zergling x2  
  18  1:47  Queen  
  18  1:53  Overlord  
  20  1:58  Zergling x2  
  21  2:07  Zergling x2  
  22  2:17  Zergling x2  
  22  2:30  Zergling x4  
  24  2:40  Zergling x2  
  25  2:45  Zergling x2  
  25  2:52  Zergling x4  
  25  2:55  Zergling x6  
  30  3:02  Queen  
  30  3:03  Drone x2  
  33  3:17  Drone x2  
  35  3:24  Overlord, Zergling x2  
  36  3:31  Extractor, Zergling x2  
  36  3:32  Spore Crawler  
  36  3:33  Zergling x2  
  37  3:44  Zergling x6  
  40  3:49  Zergling x4  
  40  3:56  Zergling x2  
  40  4:00  Queen  
  43  4:03  Zergling x2  
  43  4:04  Spine Crawler  
  43  4:08  Zergling x6  
  43  4:19  Zergling x4  
  43  4:23  Zergling x2  
  44  4:26  Overlord  
  42  4:32  Zergling x2  
  42  4:33  Overlord  
Tags
 
Add a new tag
Caveats
  • Supply blocks, unpowered buildings, or Contaminate may cause inaccurate times.
  • Supply counts are checked every 10 seconds.